 Dungeon Crawl Stone Soup version 0.29-a0-2-g12fcac58f8 (webtiles) character file.

Game seed: 12650479508229878365

9 dave1331 the Skirmisher (level 2, -6/27 HPs)
             Began as a Hill Orc Fighter on Jan 26, 2022.
             Mangled by a gnoll (7 damage)
             ... on level 2 of the Dungeon.
             The game lasted 00:03:26 (279 turns).

dave1331 the Skirmisher (Hill Orc Fighter)           Turns: 279, Time: 00:03:26

Health: -6/27      AC:  6    Str: 17 (18) XL:     2   Next: 16%
Magic:  2/2        EV:  9    Int:  5 (8)  God:
Gold:   26         SH:  4    Dex:  8 (10) Spells: 1/1 levels left

rFire   . . .      SeeInvis .   a - +1 war axe
rCold   . . .      Faith    .   c - +0 buckler
rNeg    . . .      Spirit   .   b - +0 scale mail
rPois   .          Reflect  .   (no helmet)
rElec   .          Harm     .   (no cloak)
rCorr   .          Rampage  .   (no gloves)
Will    .....                   (no boots)
Stlth   ..........              (no amulet)
HPRegen 0.09/turn               (no ring)
MPRegen 0.08/turn               (no ring)

@: lethally poisoned (-6 -> -11)
A: no striking features
a: no special abilities


You were on level 2 of the Dungeon.
You visited 1 branch of the dungeon, and saw 2 of its levels.

You collected 26 gold pieces.

Inventory:

Hand Weapons
 a - a +1 war axe (weapon)
Armour
 b - a +0 scale mail (worn)
 c - a +0 buckler (worn)


   Skills:
 + Level 3.8 Fighting
 + Level 3.0 Axes
 + Level 3.4 Armour
 + Level 3.5 Shields


You had one spell level left.
You didn't know any spells.
Your spell library was empty.

Dungeon Overview and Level Annotations

Branches:
Dungeon (2/15)

Altars:
Fedhas


Message History

You are frozen.
You slash the endoplasm!
You kill the endoplasm!
There is an open door here.
There is a blossoming altar of Fedhas here.
You kneel at the altar of Fedhas.
You open the door.
d - a dark potion It was a potion of degeneration.
There was something very wrong with that liquid.
You feel weakened.
You feel dopey.
You feel clumsy.
There is an open door here.
There is an open door here.
There is a blossoming altar of Fedhas here.
There is an open door here.
You now have 26 gold pieces (gained 11).
You see here a frilled lizard corpse.
There is a stone staircase leading down here.
You climb downwards.
There is a stone staircase leading up here. 2 gnolls come into view.
A gnoll is wielding a +2 spear of venom.
Found 13 gold pieces.
The gnoll shouts! x2; You hear a shout!
Found an orange potion.
The gnoll hits you with a +0 whip. The gnoll barely misses you.
You hit the gnoll.
The gnoll is lightly wounded.
The gnoll hits you with a +0 whip. You block the gnoll's attack.
You barely miss the gnoll. The gnoll hits you with a +0 whip!
The gnoll hits you from afar with a +2 spear of venom.
* * * LOW HITPOINT WARNING * * *
You are lethally poisoned!
The gnoll hits you with a +0 whip.
* * * LOW HITPOINT WARNING * * *
You barely miss the gnoll.
* * * LOW HITPOINT WARNING * * *
You feel very sick. You block the gnoll's attack.
The gnoll hits you with a +0 whip!
You die...

...####
.....#
....!#
...$.#
#....#
###g...#
#<#g...#
#.#@#
#.#.#
#.#.#
#.#.#
#.#.#
#.#.#
#...#
#####


You could see 2 gnolls.

Vanquished Creatures
  2 endoplasms (D:1)
  A hobgoblin (D:1)
  2 kobolds (D:1)
  2 frilled lizards (D:1)
  A goblin (D:1)
  A rat (D:1)
9 creatures vanquished.

Notes
Turn   | Place    | Note
-------+----------+-------------------------------------------
     0 | D:1      | dave1331 the Hill Orc Fighter began the quest for the Orb.
     0 | D:1      | Reached XP level 1. HP: 19/19 MP: 1/1
   174 | D:1      | Reached XP level 2. HP: 18/27 MP: 2/2
   210 | D:1      | Found a blossoming altar of Fedhas.
   279 | D:2      | HP: 1/27 [poisoned by a gnoll]
   279 | D:2      | Mangled by a gnoll

Illustrated notes

Levels and vault maps discovered:
D:1:      lightli_arrival_lavapool, layout_loops_cross, kennysheep_flooded_box
D:2:      layout_basic, basic_altar, hellmonk_ecumenical_altar_slurped_away,
          serial_forest, infiniplex_forest_clump_double,
          infiniplex_forest_lined_1, infiniplex_forest_clump_small,
          infiniplex_forest_lined_3, infiniplex_forest_clump_medium,
          infiniplex_forest_3_way, infiniplex_forest_lined_4_way,
          minmay_misc_feat_tower

Skill      XL: |  1 |
---------------+----+-----
Axes           | 3 |  3.0
Fighting       | |  3.8
Armour         | |  3.4
Shields        | |  3.5

Action                   || total
-------------------------++-------
Melee: War axe           ||    21
  Use: Scroll            ||     3
       Potion            ||     2
Armor: Scale mail        ||     3
Dodge: Dodged            ||     9
Block: Buckler           ||     3

Table legend: (Time is in decaauts)
 A = Elapsed time spent in this place.
 B = Non-inter-level travel time spent in this place.
 C = Inter-level travel time spent in this place.
 D = Time resting spent in this place.
 E = Time spent auto-exploring this place.
 F = Levels seen in this place.
 G = Mean time per level.
                   A        B        C        D        E       F      G
               +--------+--------+--------+--------+--------+-----+--------+
         Total |    287 |     85 |    202 |      0 |      0 |   2 |  143.5 |
       Dungeon |    287 |     85 |    202 |      0 |      0 |   2 |  143.5 |
               +--------+--------+--------+--------+--------+-----+--------+

Top non-repeatable levels by time:
     D:1: 268 daAuts
     D:2: 18 daAuts
